Map: Jagannatha LE

Players

Geralt (Gerald)

  • Race: Protoss Protoss
  • League: Grandmaster

GOStephano (Stephano) - Winner!

  • Race: Zerg Zerg
  • League: Master

Event: DreamHack SC2 Masters 2021 Summer

VOD

Have the link to the VOD?

Description

Time

  • Played on: May 23, 2021, 12:59 p.m.
  • Length: 16:43

All games in this series

Show
View Real Time Build Order
Export as new Build Order

Geralt Protoss 

Build Orders: 1 Gate Expand, Oracle Opening, Carriers 

Get SALT Encoding   

  12  0:00  Probe  
  13  0:12  Probe  
  14  0:20  Pylon  
  14  0:24  Probe  
  15  0:38  Probe (Chrono Boost)  
  15  0:40  Gateway  
  16  0:49  Probe (Chrono Boost)  
  17  0:50  Assimilator  
  17  0:54  Probe (Chrono Boost)  
  18  1:05  Probe  
  19  1:19  Probe  
  20  1:27  Nexus  
  21  1:39  Cybernetics Core  
  20  1:40  Probe  
  20  1:47  Assimilator  
  21  1:53  Probe  
  22  1:57  Pylon  
  22  2:05  Probe  
  23  2:12  Stalker (Chrono Boost)  
  25  2:17  Probe  
  26  2:29  Probe  
  27  2:31  Stargate  
  27  2:34  Warp Gate  
  27  2:37  Adept (Chrono Boost)  
  27  2:41  Probe  
  30  2:49  Probe  
  31  2:53  Probe  
  32  3:00  Adept  
  32  3:01  Probe  
  32  3:05  Probe  
  36  3:13  Probe, Oracle (Chrono Boost)  
  36  3:14  Gateway  
  40  3:20  Pylon  
  40  3:23  Probe  
  41  3:27  Probe  
  42  3:35  Probe  
  42  3:39  Probe  
  44  3:47  Probe, Gateway  
  43  3:49  Oracle (Chrono Boost)  
  43  3:51  Probe  
  47  3:59  Probe  
  48  4:03  Probe  
  48  4:05  Pylon  
  49  4:12  Probe  
  51  4:17  Oracle (Chrono Boost)  
  51  4:20  Nexus  
  54  4:24  Probe  
  54  4:27  Adept x2  
  54  4:28  Assimilator  
  58  4:33  Probe  
  58  4:34  Forge  
  59  4:39  Probe  
  59  4:42  Pylon  
  60  4:45  Probe  
  60  4:51  Pylon  
  61  4:58  Probe  
  62  5:02  Twilight Council  
  62  5:04  Adept  
  62  5:05  Adept x2  
  68  5:07  Probe  
  68  5:10  Probe, Assimilator  
  68  5:13  Protoss Ground Weapons Level 1  
  70  5:19  Probe  
  71  5:22  Probe (Chrono Boost)  
  71  5:25  Adept x2  
  71  5:27  Adept  
  78  5:32  Probe (Chrono Boost)  
  78  5:33  Probe (Chrono Boost)  
  78  5:34  Probe (Chrono Boost)  
  81  5:37  Robotics Facility  
  81  5:41  Pylon  
  81  5:42  Probe x2 (Chrono Boost)  
  83  5:47  Probe (Chrono Boost)  
  83  5:49  Blink  
  82  6:00  Probe  
  82  6:01  Probe, Stalker x2  
  82  6:02  Stalker  
  90  6:04  Pylon  
  90  6:05  Assimilator  
  90  6:10  Probe  
  91  6:12  Probe  
  91  6:13  Probe  
  91  6:16  Gateway x2  
  93  6:22  Probe  
  93  6:25  Probe  
  91  6:29  Probe  
  91  6:32  Robotics Bay  
  88  6:34  Probe  
  88  6:36  Gateway  
  88  6:37  Probe  
  88  6:39  Gateway  
  88  6:41  Probe, Gateway  
  88  6:46  Probe  
  87  6:49  Probe, Stalker x3  
  87  6:52  Assimilator  
  94  7:00  Gateway  
  95  7:01  Gateway  
  94  7:15  Nexus, Warp Prism (Chrono Boost)  
  94  7:16  Probe, Pylon  
  94  7:19  Stalker x2  
  94  7:20  Stalker  
  103  7:31  Stalker x3  
  103  7:35  Robotics Facility  
  103  7:36  Pylon  
  109  7:48  Probe  
  105  7:51  Protoss Ground Weapons Level 2 (Chrono Boost)  
  105  7:52  Stalker x5  
  105  7:57  Disruptor (Chrono Boost)  
  105  7:58  Stalker x3  
  119  8:00  Probe  
  121  8:12  Stalker  
  121  8:13  Stalker  
  122  8:25  Stalker  
  124  8:30  Probe x2  
  124  8:31  Probe  
  124  8:32  Probe, Pylon  
  124  8:33  Disruptor (Chrono Boost), Pylon, Stalker x3  
  134  8:36  Pylon  
  138  8:42  Probe x2  
  138  8:44  Observer (Chrono Boost)  
  140  9:01  Stalker x2  
  140  9:02  Stalker x7  
  158  9:04  Probe x2  
  161  9:12  Photon Cannon  
  161  9:13  Shield Battery  
  161  9:16  Probe, Disruptor (Chrono Boost)  
  163  9:18  Assimilator  
  163  9:21  Charge (Chrono Boost), Assimilator  
  164  9:26  Pylon  
  164  9:27  Pylon  
  164  9:36  Dark Shrine  
  164  9:44  Probe  
  165  9:46  Disruptor  
  165  9:48  Zealot x2  
  165  9:50  Zealot x2  
  165  9:51  Zealot x2  
  180  9:59  Pylon  
  180  10:05  Disruptor  
  158  10:20  Gateway  
  158  10:21  Gateway, Zealot x4  
  164  10:22  Disruptor  
  164  10:23  Gateway  
  164  10:25  Gateway  
  169  10:30  Templar Archives  
  169  10:39  Probe  
  169  10:41  Disruptor  
  173  10:42  Photon Cannon  
  173  10:44  Shield Battery  
  173  10:54  Probe  
  174  10:57  Disruptor  
  174  10:59  Fleet Beacon  
  174  11:02  Stargate  
  174  11:03  Pylon  
  177  11:04  Pylon  
  177  11:05  Stargate  
  177  11:06  Pylon  
  177  11:07  Pylon  
  177  11:08  Pylon  
  177  11:15  Nexus  
  177  11:17  Disruptor  
  150  11:34  Probe  
  150  11:35  Probe  
  150  11:37  Disruptor  
  150  11:39  Templar Archives, Psionic Storm  
  153  11:41  Pylon  
  153  11:43  Zealot x13, Pylon  
  153  11:44  Assimilator  
  179  11:48  High Templar, Assimilator, Protoss Ground Weapons Level 3 (Chrono Boost)  
  181  11:59  Observer  
  182  12:04  Photon Cannon  
  182  12:05  Photon Cannon  
  182  12:07  Shield Battery x2  
  182  12:09  Carrier (Chrono Boost)  
  182  12:13  Observer  
  189  12:22  Disruptor (Chrono Boost)  
  150  12:33  Carrier x2 (Chrono Boost)  
  150  12:34  Disruptor (Chrono Boost)  
  161  12:40  High Templar  
  161  12:41  High Templar x2  
  163  12:51  Zealot x7  
  147  12:55  Disruptor (Chrono Boost)  
  158  13:03  Disruptor (Chrono Boost)  
  157  13:06  Probe x2  
  157  13:10  Carrier (Chrono Boost)  
  157  13:11  Zealot x4  
  173  13:19  Zealot x2  
  177  13:23  Dark Templar x3  
  175  13:28  Zealot x2  
  172  13:40  Zealot  
  172  13:41  Zealot x3  
  172  13:43  Probe  
  172  13:47  Probe  
  172  13:49  Photon Cannon  
  172  14:03  Protoss Air Weapons Level 1 (Chrono Boost)  
  164  14:15  Archon  
  124  14:25  Carrier x2  
  124  14:30  High Templar x6  
  134  14:33  Disruptor (Chrono Boost)  
  134  14:35  Zealot  
  134  14:36  Zealot x5  
  143  14:47  Zealot x2  
  124  15:06  Dark Templar x6  
  124  15:16  Archon  
  120  15:22  Zealot x6  
  120  15:28  Gateway x2  
  115  15:41  Stalker x4  
  115  15:42  Zealot  
  114  16:01  Pylon, Zealot x4  
  116  16:08  Zealot x2  
  105  16:21  Observer (Chrono Boost)  
  105  16:24  High Templar x10  
  105  16:35  Archon x4  
Show
View Real Time Build Order
Export as new Build Order

GOStephano Zerg - Winner!

Build Orders: Hatch First, Lurkers, Roach Hydra 

Get SALT Encoding   

  12  0:00  Drone  
  13  0:12  Overlord  
  13  0:17  Drone  
  14  0:30  Drone x2  
  16  0:49  Hatchery  
  15  0:51  Drone  
  15  0:55  Drone  
  17  0:59  Drone  
  18  1:08  Extractor  
  17  1:17  Drone, Spawning Pool  
  17  1:20  Drone  
  18  1:28  Drone  
  19  1:39  Drone  
  20  1:49  Drone  
  21  2:04  Queen x2  
  21  2:05  Drone  
  21  2:06  Zergling x2  
  27  2:11  Overlord  
  27  2:13  Drone  
  28  2:16  Metabolic Boost  
  28  2:31  Zergling x2  
  28  2:33  Drone  
  28  2:34  Drone x2  
  32  2:39  Hatchery  
  31  2:47  Queen  
  31  2:51  Overlord  
  33  2:55  Drone x2  
  33  2:58  Drone  
  36  3:10  Drone x2  
  38  3:15  Drone x3  
  38  3:16  Drone  
  42  3:22  Drone  
  42  3:24  Queen  
  42  3:25  Extractor  
  44  3:41  Spore Crawler  
  43  3:45  Spore Crawler  
  43  3:46  Drone  
  43  3:47  Spore Crawler  
  45  3:49  Spore Crawler  
  45  3:50  Spore Crawler  
  45  3:51  Drone  
  45  3:53  Drone x4  
  45  3:54  Overlord  
  48  3:55  Drone  
  49  4:06  Spore Crawler  
  49  4:08  Spore Crawler  
  49  4:09  Drone x2  
  49  4:10  Overlord  
  49  4:12  Drone x4  
  53  4:21  Drone x2  
  54  4:24  Drone  
  56  4:31  Drone x4  
  56  4:32  Lair  
  56  4:33  Drone x3  
  56  4:35  Extractor  
  56  4:36  Drone x2, Roach Warren, Extractor  
  62  4:39  Evolution Chamber  
  62  4:43  Queen  
  63  4:47  Drone x2  
  63  4:49  Overlord  
  65  4:58  Overlord  
  65  4:59  Overlord  
  64  5:04  Queen  
  66  5:16  Roach x4  
  71  5:21  Drone  
  71  5:22  Drone x2  
  71  5:24  Zerg Ground Armor Level 1  
  71  5:25  Roach  
  71  5:27  Drone x6  
  80  5:28  Extractor  
  80  5:29  Extractor  
  80  5:30  Extractor  
  80  5:32  Overseer  
  77  5:37  Drone x2  
  77  5:38  Hatchery  
  77  5:40  Drone x2  
  81  5:42  Ravager  
  81  5:46  Evolution Chamber, Roach x3  
  81  5:48  Zergling x8  
  89  5:56  Spore Crawler  
  87  5:59  Spore Crawler  
  87  6:05  Zergling x8  
  87  6:09  Overlord  
  87  6:11  Drone x3  
  89  6:18  Overlord x2  
  89  6:23  Drone  
  89  6:28  Drone x3  
  87  6:35  Queen x2  
  87  6:36  Zerg Missile Weapons Level 1  
  87  6:37  Drone x3  
  93  6:40  Glial Reconstitution  
  93  6:43  Hydralisk Den  
  93  6:44  Drone x2  
  88  6:52  Drone x4  
  89  7:04  Drone x2  
  91  7:11  Infestation Pit  
  91  7:12  Roach x4  
  91  7:15  Spore Crawler  
  97  7:17  Drone x9  
  97  7:22  Zerg Ground Armor Level 2  
  106  7:23  Muscular Augments  
  106  7:32  Hydralisk x6  
  118  7:37  Extractor, Overseer  
  118  7:38  Extractor  
  114  7:45  Drone x4  
  114  7:49  Hydralisk x3  
  119  7:51  Drone  
  119  7:54  Hive  
  119  7:57  Overlord x3  
  120  8:08  Lurker Den  
  120  8:09  Overlord  
  117  8:15  Hydralisk x5  
  117  8:18  Zergling x12  
  130  8:25  Hydralisk x3  
  128  8:29  Zergling x8  
  130  8:34  Grooved Spines  
  130  8:40  Zergling x8  
  130  8:41  Zergling x2  
  135  8:45  Overlord x2  
  135  8:47  Hatchery  
  133  9:05  Hydralisk x2  
  133  9:06  Overlord x2  
  137  9:10  Seismic Spines  
  137  9:12  Lurker  
  137  9:13  Pneumatized Carapace, Overseer  
  137  9:14  Hatchery, Zerg Missile Weapons Level 2  
  137  9:23  Lurker  
  137  9:24  Overlord x2  
  138  9:26  Zergling x2, Lurker x2  
  138  9:27  Zergling x6  
  144  9:40  Overlord x3  
  144  9:43  Viper  
  145  9:57  Hydralisk x5  
  149  10:02  Hydralisk  
  139  10:07  Adaptive Talons, Hydralisk  
  139  10:08  Hydralisk  
  139  10:11  Hydralisk  
  139  10:13  Zergling x10  
  139  10:14  Zergling x10  
  148  10:21  Lurker  
  145  10:37  Overseer, Viper  
  145  10:40  Zergling x20  
  158  10:55  Drone x3  
  158  10:56  Extractor  
  160  11:00  Lurker x5  
  160  11:03  Zergling x2  
  160  11:04  Zergling x14  
  173  11:21  Viper  
  173  11:22  Viper  
  173  11:25  Zergling x18  
  162  11:31  Viper  
  160  11:36  Zergling x16  
  166  11:48  Lurker  
  166  11:49  Zergling x20, Lurker  
  178  11:55  Hatchery  
  178  11:56  Hatchery  
  178  11:58  Overlord  
  176  12:04  Zerg Ground Armor Level 3  
  176  12:05  Zergling x2  
  176  12:06  Zergling x10  
  182  12:21  Zergling x22  
  153  12:43  Hydralisk x3  
  153  12:44  Hydralisk  
  150  12:46  Hatchery, Extractor  
  148  12:54  Lurker x3  
  148  12:57  Overseer  
  151  13:03  Hydralisk  
  151  13:04  Hydralisk x3  
  158  13:06  Drone x3  
  161  13:13  Evolution Chamber  
  157  13:29  Zergling x26  
  137  13:43  Hydralisk x8  
  146  13:49  Zerg Missile Weapons Level 3  
  146  13:53  Lurker x3  
  146  13:54  Lurker  
  150  14:03  Overseer x2  
  142  14:12  Hydralisk x7  
  136  14:25  Hydralisk x6  
  148  14:33  Zergling x12  
  154  14:40  Zergling x12  
  156  14:55  Hydralisk x5  
  158  15:06  Drone x7  
  161  15:17  Drone x3  
  164  15:24  Hydralisk x2, Lurker x4  
  172  15:32  Zergling x12  
  172  15:35  Hatchery  
  170  15:59  Lurker x3  
  170  16:00  Hatchery  
  170  16:01  Hydralisk x5  
  173  16:04  Zergling x6  
  172  16:27  Drone x4  
Tags
 
Add a new tag
Caveats
  • Supply blocks, unpowered buildings, or Contaminate may cause inaccurate times.
  • Supply counts are checked every 10 seconds.